AoeStats
← Bandolero

Arabia

509191268Analyzed
1v1 RM · 6d ago on Sep 25, 2026· 45m 48s· 2 players
Game mode
Random Map
Map size
Tiny (2 player)
Population
200
Speed
Normal
Resources
Standard
Victory
Conquest
Starting age
Dark Age
Ending age
Imperial Age
RankedLock teamsTeams togetherTeam positionsShared explorationLock speedFull tech treeHidden civsTurbo modeCheats
Victory
Defeat
🇫🇷 Persians · France
1459
+13
🇦🇷 Vietnamese · Argentina
1403
-13
Bandolero
6:50 Loom
9:56 Feudal Age
11:35 Double-Bit Axe
19:37 Fletching
22:44 Castle Age
21:59 Gold Mining
22:20 Padded Archer Armor
22:46 Crossbowman
23:45 Scale Barding Armor
24:03 Bow Saw
27:47 Bloodlines
28:15 Stone Mining
29:44 Bodkin Arrow
31:04 Leather Archer Armor
33:08 Wheelbarrow
34:22 Town Watch
36:00 Husbandry
36:13 Forging
36:45 Ballistics
43:51 Imperial Age
42:02 Pikeman
42:43 Squires
42:54 Scale Mail Armor
43:30 Iron Casting
43:16 Chain Barding Armor
43:50 Stone Shaft Mining
43:13 Horse Collar
43:52 Squires
44:12 Chain Mail Armor
Majin Buu
5:48 Loom
8:31 Feudal Age
8:45 Man-at-Arms
14:34 Double-Bit Axe
17:51 Fletching
22:13 Castle Age
21:03 Padded Archer Armor
22:20 Bloodlines
22:16 Scale Barding Armor
22:42 Bodkin Arrow
23:10 Horse Collar
24:19 Husbandry
23:59 Elite Skirmisher
29:15 Thumb Ring
31:33 Heavy Plow
33:02 Wheelbarrow
37:32 Imperial Age
36:08 Hand Cart
35:52 Gold Mining
36:14 Scale Barding Armor
37:01 Bow Saw
38:44 Chain Barding Armor
40:24 Plate Barding Armor
40:43 Forging
42:59 Crop Rotation
42:07 Elite War Elephant
43:48 Iron Casting
43:53 Citadels
44:44 Ballistics
45:24 Chemistry
45:01 Leather Archer Armor
45:47 Blast Furnace
44:34 Crossbowman
45:19 Kamandaran
Connection lost

Rejoining the realm…

Still unreachable

The connection could not be restored.

Session expired

The server has moved on; the page needs a fresh start.